 Dungeon Crawl Stone Soup version 0.21.0-3-g78d12a8 (webtiles) character file.

1517 letownia2 the Grappler (level 8, 47/54 HPs)
             Began as a Gargoyle Fighter on Jan 11, 2018.
             Quit the game on level 6 of the Dungeon.
             The game lasted 00:07:24 (3961 turns).

letownia2 the Grappler (Gargoyle Fighter)           Turns: 3961, Time: 00:07:25

Health: 47/54      AC: 12    Str: 21    XL:     8   Next: 83%
Magic:  8/8        EV:  9    Int: 10    God:
Gold:   198        SH:  0    Dex:  9    Spells: 7/7 levels left

rFire    . . .     SeeInvis .     - Unarmed
rCold    . . .     Gourm    .   (no shield)
rNeg     + . .     Faith    .   a - +0 scale mail
rPois    ∞         Spirit   .   (no helmet)
rElec    +         Reflect  .   (no cloak)
rCorr    .         Harm     .   (no gloves)
MR       .....     Rnd*Tele +   (no boots)
Stlth    ..........             (no amulet)
HPRegen  0.18/turn              o - ring of loudness (curse)
MPRegen  0.11/turn              q - ring of teleportation (curse)

@: no status effects
A: negative energy resistance 1, electricity resistance, unbreathing,
petrification resistance, rot immunity, AC +5
a: no special abilities


You were on level 6 of the Dungeon.
You were not hungry.

You visited 1 branch of the dungeon, and saw 6 of its levels.

You collected 208 gold pieces.
You spent 10 gold pieces at shops.

Inventory:

Hand Weapons
 j - a +3 flail of holy wrath
 r - the +7 flail "Aloquw" {crush, -Tele +Inv rElec rC+, unknown}
   (You found it on level 5 of the Dungeon)

   It inflicts extra damage upon your enemies.
   It protects you from cold.
   It insulates you from electricity.
   It lets you turn invisible.
   It prevents most forms of teleportation.
Armour
 a - a +0 scale mail (worn)
 b - a +0 shield
Jewellery
 k - a +3 ring of dexterity
 o - a cursed ring of loudness (left hand)
 q - a cursed ring of teleportation (right hand)
Scrolls
 e - 2 scrolls of enchant armour {unknown}
 f - a scroll of remove curse {unknown}
 g - 2 scrolls of amnesia {unknown}
 l - a scroll of teleportation {unknown}
 m - a scroll of immolation {unknown}
 p - 2 scrolls of identify {unknown}
 s - a scroll of enchant weapon {unknown}
 t - a scroll of fog {unknown}
 u - a scroll of blinking {unknown}
 v - a scroll of random uselessness {unknown}
Potions
 c - a potion of might
 h - 2 potions of heal wounds {unknown}
 i - a potion of mutation {unknown}
 n - a potion of berserk rage {unknown}
Comestibles
 d - 5 rations
 w - a chunk of flesh


   Skills:
 + Level 8.3 Fighting
 - Level 3.2 Armour
 - Level 3.2 Shields
 + Level 8.4 Unarmed Combat


You had 7 spell levels left.
You didn't know any spells.

Dungeon Overview and Level Annotations

Branches:
Dungeon (6/15)
 Temple: D:4-7

Altars:
Qazlal
Vehumet

Shops:
D:4 =**!

Annotations:
D:4 Dowan, Duvessa


Innate Abilities, Weirdness & Mutations

You are resistant to torment.
Your stone body is resilient. (AC +5)
You are immune to poison.
You resist negative energy. (rN+)
You are resistant to electric shocks. (rElec)
You can survive without breathing.
You are immune to petrification.
You are immune to rotting.


Message History

Done exploring.
Done exploring.
Put on which piece of jewellery? (? for menu, Esc to quit)
Okay, then.
Put on which piece of jewellery? (? for menu, Esc to quit)
You don't have any such object.
Put on which piece of jewellery? (? for menu, Esc to quit)
Okay, then.
Put on which piece of jewellery? (? for menu, Esc to quit)
You remove your +3 ring of dexterity.
You feel clumsy.
Oops, that ring feels deathly cold.
o - a cursed ring of loudness (left hand) Unknown command.
Are you sure you want to abandon this character and quit the game? (Confirm with "yes".)
Okay, then.
Okay, then.
Wield which item (- for none, * to show all)? (? for menu, Esc to quit)
Okay, then.
Are you sure you want to abandon this character and quit the game? (Confirm with "yes".)

#......#......##....##
#......#......#.......
#......'......'.......
#......#......#.......
#...##'#......#'######
#...#.....##+##.## #
#...#.....#......# #
#...'.....#......# #
#...#@....#......# #
#...#.....#......# #
#...#.....#......# #
#...#.....#......# #
#...#.....#......# #
#####.....######## #
####### #


There were no monsters in sight!

Vanquished Creatures
  Edmund (D:4)
  2 sky beasts
  A phantom (D:6)
  2 ogres
  A centaur (D:6)
  A bullfrog (D:6)
  A scorpion (D:4)
  3 wights (D:6)
  3 crimson imps
  A jelly (D:5)
  An orc priest (D:4)
  A centaur skeleton (D:5)
  A hound (D:4)
  5 orc wizards
  2 bullfrog skeletons (D:4)
  4 worker ants
  6 adders
  An adder zombie (D:5)
  4 leopard geckos
  20 orcs
  4 giant cockroaches
  2 goblins
  A hobgoblin (D:1)
  3 jackals (D:6)
  2 quokkas
  A bat (D:1)
  3 frilled lizards
  2 kobolds
  2 leopard gecko skeletons
81 creatures vanquished.

Notes
Turn   | Place    | Note
-------+----------+-------------------------------------------
     0 | D:1      | letownia2 the Gargoyle Fighter began the quest for the Orb.
     0 | D:1      | Reached XP level 1. HP: 14/14 MP: 1/1
   142 | D:2      | Noticed a bullfrog
   173 | D:1      | Reached XP level 2. HP: 10/19 MP: 2/2
   370 | D:2      | Reached XP level 3. HP: 17/23 MP: 3/3
   542 | D:4      | Reached XP level 4. HP: 15/28 MP: 4/4
   690 | D:4      | Found Xipu's Jewellery Boutique.
   818 | D:4      | Noticed Edmund
   853 | D:4      | Killed Edmund
   853 | D:4      | Reached skill level 5 in Unarmed Combat
   853 | D:4      | Reached XP level 5. HP: 13/32 MP: 5/5
  1019 | D:4      | Reached XP level 6. HP: 24/37 MP: 6/6
  1314 | D:4      | Found Jerchoim's Assorted Antiques.
  1358 | D:4      | Found Girupuib's Distillery.
  1361 | D:4      | Bought a potion of degeneration for 10 gold pieces
  1503 | D:4      | Found a stormy altar of Qazlal.
  1508 | D:4      | Found a radiant altar of Vehumet.
  1548 | D:4      | Found Guukh's General Store.
  1660 | D:4      | Noticed Duvessa
  1661 | D:4      | Noticed Dowan
  1756 | D:4      | Reached XP level 7. HP: 17/43 MP: 7/7
  2323 | D:5      | Entered Level 5 of the Dungeon
  2339 | D:5      | Reached skill level 5 in Fighting
  2565 | D:5      | Got a smoking flail
  2616 | D:5      | Reached XP level 8. HP: 41/52 MP: 8/8
  3961 | D:6      | Quit the game

Skill      XL: |  1  2  3  4  5  6  7  8 |
---------------+-------------------------+-----
Unarmed Combat | 3 4 5 6 7 8 |  8.4
Fighting       | 4 6 8 |  8.3
Armour         | |  3.2
Shields        | |  3.2

Action                   |  1- 3 |  4- 6 |  7- 9 || total
-------------------------+-------+-------+-------++-------
Melee: Unarmed           |    77 |    99 |   238 ||   414
       Punch             |     1 |     1 |     7 ||     9
  Eat: Chunk             |       |     3 |     7 ||    10
Armor: Scale mail        |    39 |    43 |   122 ||   204
Dodge: Dodged            |    35 |    35 |    96 ||   166
